 Dungeon Crawl Stone Soup version 0.24.0-13-gcf9b319 (webtiles) character file.

Game seed: 17335969474769063616, levelgen mode: deterministic

13217 Bronimir the Arsonist (level 11, -10/60 HPs)
             Began as a Deep Elf Fire Elementalist on Mar 22, 2020.
             Was an Elder of Vehumet.
             Mangled by a spiny frog (17 damage)
             ... on level 1 of the Lair of Beasts.
             The game lasted 01:01:23 (16229 turns).

Bronimir the Arsonist (Deep Elf Fire Elementalist) Turns: 16229, Time: 01:01:24

Health: -10/60     AC: 15    Str:  6    XL:     11   Next: 72%
Magic:  19/26      EV: 14    Int: 23    God:    Vehumet [****..]
Gold:   597        SH:  0    Dex: 15    Spells: 4/28 levels left

rFire    + . .     SeeInvis .   b - +9 shortbow "Ahisie" {venom, MR+}
rCold    . . .     Gourm    .   (shield currently unavailable)
rNeg     . . .     Faith    +   M - +3 leather armour {rF+}
rPois    .         Spirit   .   (no helmet)
rElec    .         Reflect  .   I - +2 cloak
rCorr    .         Harm     .   (no gloves)
MR       ++...                  B - +0 pair of boots
Stlth    ++........             H - amulet of faith
HPRegen  0.20/turn              l - +4 ring of protection
MPRegen  0.20/turn              u - ring of wizardry

@: no status effects
A: no striking features
a: Renounce Religion


You were on level 1 of the Lair of Beasts.
You worshipped Vehumet.
Vehumet was greatly pleased with you.
You were not hungry.

You visited 3 branches of the dungeon, and saw 15 of its levels.

You collected 597 gold pieces.

Inventory:

Hand Weapons
 a - the +9 trident "Jiociet" {pierce, Int+8 Dex+4}
   (You found it on level 5 of the Dungeon)

   It inflicts extra damage upon your enemies.
   It affects your intelligence (+8).
   It affects your dexterity (+4).
 b - the +9 shortbow "Ahisie" (weapon) {venom, MR+}
   (You found it on level 8 of the Dungeon)

   It poisons the ammo it fires.
   It affects your resistance to hostile enchantments.
Missiles
 j - 81 bolts
 q - 302 arrows (quivered)
Armour
 w - a +0 buckler
 B - a +0 pair of boots (worn)
 I - a +2 cloak (worn)
 M - a +3 leather armour of fire resistance (worn)
Magical Staves
 P - an uncursed staff of summoning
Jewellery
 l - a +4 ring of protection (left hand)
 u - a ring of wizardry (right hand)
 A - an uncursed ring of fire
 H - an amulet of faith (around neck)
Wands
 p - a wand of digging (10)
 E - a wand of iceblast (11)
 F - a wand of polymorph (8)
Scrolls
 h - 4 scrolls of identify
 i - 2 scrolls of teleportation
 s - a scroll of enchant weapon
 v - a scroll of enchant armour
 C - 3 scrolls of remove curse
Potions
 k - a potion of lignification
 t - 4 potions of mutation
 D - 3 potions of curing
 G - a potion of might
 J - a potion of flight
Comestibles
 c - 25 rations
 d - 2 chunks of flesh


   Skills:
 + Level 3.6 Fighting
   Level 0.2 Short Blades
 + Level 1.2 Polearms
 + Level 0.1(1.0) Staves
 + Level 7.4 Bows
 * Level 5.1 Armour
 + Level 5.5 Dodging
 - Level 2.4 Stealth
 + Level 2.5 Shields
 + Level 9.2 Spellcasting
 * Level 9.5 Conjurations
 * Level 10.5 Fire Magic
 * Level 4.5 Evocations


You had 4 spell levels left.
You knew the following spells:

 Your Spells              Type           Power        Failure   Level  Hunger
a - Flame Tongue          Conj/Fire      #####        1%          1    None
b - Throw Flame           Conj/Fire      ######       1%          2    None
c - Conjure Flame         Conj/Fire      ######..     1%          3    None
d - Sticky Flame          Conj/Fire      ######..     1%          4    ##.....
e - Fireball              Conj/Fire      ######....   1%          5    ####...
f - Shock                 Conj/Air       ####         1%          1    None
g - Searing Ray           Conj           ######       1%          2    None
h - Stone Arrow           Conj/Erth      ####..       1%          3    None
i - Regeneration          Chrm/Necr      ##........   11%         3    None

Your spell library contained the following spells:

 Spells                   Type           Power        Failure   Level  Hunger
 Venom Bolt               Conj/Pois      ####......   4%          5    ####...
 Inner Flame              Hex/Fire       ####....     1%          3    None
 Infusion                 Chrm           ##..         3%          1    None
 Shroud of Golubria       Chrm/Tloc      ##....       6%          2    None
 Song of Slaying          Chrm           ##......     6%          2    None
 Spectral Weapon          Hex/Chrm       ##......     11%         3    None


Dungeon Overview and Level Annotations

Branches:
Dungeon (12/15)            Temple (1/1) D:5            Lair (2/6) D:10
  Swamp: Lair:2-4    Shoals: Lair:2-4     Snake: Lair:2-4    Spider: Lair:2-4
    Orc: D:9-12

Altars:
Ashenzari
Cheibriados
Dithmenos
Elyvilon
Fedhas
Gozag
Hepliaklqana
Kikubaaqudgha
Makhleb
Nemelex Xobeh
Okawaru
Qazlal
Ru
Sif Muna
Trog
Uskayaw
Vehumet
Wu Jian
Xom
Yredelemnul
Zin
The Shining One

Shops:
D:4 %   D:5 *   D:6 =   D:10 *

Annotations:
D:10 Erolcha, Gastronok
Lair:1 2 transporters, oldmanjim's ghost, journeyman FoFi


Message History

The blink frog burns!
You kill the blink frog!
Vehumet accepts your kill.
You feel your power returning.
The spiny frog burns!
The spiny frog stings you!
* * * LOW HITPOINT WARNING * * *
The spiny frog burns!
Casting: Sticky Flame (safe; 1% risk of failure)
Confirm with . or Enter, or press ? or * to list all spells.
Aiming: Sticky Flame (safe; 1% risk of failure)
Press: ? - help, Shift-Dir - straight line, f/p - spiny frog
Aim: a spiny frog (heavily wounded, covered in liquid flames)
The sticky flame hits the spiny frog but does no damage.
The spiny frog is heavily wounded.
The spiny frog is covered in liquid flames!
The spiny frog burns!
The spiny frog stings you!
* * * LOW HITPOINT WARNING * * *
As you read the scroll labeled RUX ZUDUIC, it crumbles to dust.
You hear a loud clanging noise!
It was a scroll of noise.
The spiny frog burns!
The spiny frog stings you!
You die...

#.#.#..#P.## #####.##P#.#
#.#.......P# ########
#.....##..## #....###..#
##...##...# #........#
#........# #........#
#.......@# ### #
#.#.....F####.### #
#........รท>.....# ##
####...#.######.########.
##.#.###P###..........
#........###.####.#..
###P####.# ### ###.. ###
#P.# ##. #..# #.


You could see a spiny frog (burning).

Vanquished Creatures
  2 two-headed ogres
  2 hydras
  Pikel (D:5)
  A deep elf mage (D:9)
  A manticore (D:11)
  2 komodo dragons (Lair:1)
  A troll (D:10)
  A hornet (D:8)
  A hippogriff (D:8)
  4 blink frogs
  Sigmund (D:3)
  Eustachio (D:6)
  2 wyverns (D:9)
  6 yaks
  2 hogs (D:7)
  A human (D:7)
  A soldier ant (D:10)
  A water moccasin (D:10)
  Duvessa (D:6)
  4 porcupines
  2 orc warriors
  4 slaves (D:5)
  2 sky beasts
  6 ogres
  6 centaurs
  2 phantoms
  5 wolves (Lair:1)
  5 crocodiles (Lair:1)
  A big kobold (D:9)
  6 bullfrogs
  2 scorpions
  Dowan (D:6)
  6 wights
  5 howler monkeys
  4 crimson imps
  3 bullfrog zombies
  6 hounds
  A jelly (D:6)
  4 orc wizards
  Crazy Yiuf (D:3)
  A gnoll shaman (D:7)
  10 orc priests
  5 worker ants
  2 iguanas
  Natasha (thrice) (D:2)
  Terence (D:2)
  A hound skeleton (D:4)
  A howler monkey zombie (D:6)
  14 gnolls
  11 adders
  2 shadow imps (D:5)
  An ooze (D:1)
  An adder zombie (D:5)
  2 adder skeletons
  9 worms
  3 dart slugs
  6 leopard geckos
  19 orcs
  2 ball pythons
  8 giant cockroaches
  13 goblins
  13 hobgoblins
  15 jackals
  2 quokkas
  7 bats
  5 frilled lizards
  8 kobolds
  A kobold zombie (D:7)
  A leopard gecko skeleton (D:4)
  A quokka skeleton (D:7)
  11 rats
  2 fungi
  A plant (Lair:1)
290 creatures vanquished.

Vanquished Creatures (others)
  A bush (Lair:1)
  3 fungi (Lair:1)
  A plant (Lair:1)
5 creatures vanquished.

Grand Total: 295 creatures vanquished

Notes
Turn   | Place    | Note
-------+----------+-------------------------------------------
     0 | D:1      | Bronimir the Deep Elf Fire Elementalist began the quest for
                  | the Orb.
     0 | D:1      | Reached XP level 1. HP: 10/10 MP: 6/6
   192 | D:1      | Reached XP level 2. HP: 15/15 MP: 6/8
   232 | D:1      | Learned a level 2 spell: Throw Flame
   421 | D:1      | Reached skill level 4 in Fire Magic
   645 | D:1      | Reached XP level 3. HP: 19/19 MP: 6/9
   973 | D:1      | Learned a level 3 spell: Conjure Flame
  1226 | D:2      | Noticed Terence
  1242 | D:2      | Killed Terence
  1242 | D:2      | Reached XP level 4. HP: 24/24 MP: 0/11
  1350 | D:2      | Learned a level 4 spell: Sticky Flame
  1413 | D:2      | Noticed Natasha
  1417 | D:2      | Killed Natasha
  1656 | D:2      | Noticed Natasha
  1666 | D:2      | Killed Natasha
  1666 | D:2      | Reached XP level 5. HP: 9/28 MP: 2/12
  1873 | D:2      | Noticed Natasha
  1878 | D:2      | Killed Natasha
  1941 | D:2      | Reached skill level 5 in Fire Magic
  2747 | D:3      | Noticed Sigmund
  2756 | D:3      | Killed Sigmund
  2756 | D:3      | Reached skill level 1 in Shields
  2756 | D:3      | Reached XP level 6. HP: 33/33 MP: 6/14
  3061 | D:3      | You fall into a shaft and drop 2 floors!
  3061 | D:5      | Entered Level 5 of the Dungeon
  3061 | D:5      | Found a shadowy altar of Dithmenos.
  3606 | D:3      | Found a runed translucent door.
  3607 | D:3      | Noticed Crazy Yiuf
  3628 | D:3      | Killed Crazy Yiuf
  4461 | D:4      | Reached XP level 7. HP: 37/37 MP: 13/16
  4499 | D:4      | Learned a level 5 spell: Fireball
  4536 | D:4      | Reached skill level 1 in Bows
  4712 | D:4      | Found Weopomiq's Food Shoppe.
  4911 | D:4      | Reached skill level 1 in Fighting
  6027 | D:5      | Noticed Pikel
  7138 | D:5      | Reached skill level 5 in Spellcasting
  7138 | D:5      | Reached skill level 6 in Fire Magic
  7153 | D:5      | Killed Pikel
  7153 | D:5      | Reached skill level 5 in Conjurations
  7153 | D:5      | Reached XP level 8. HP: 43/43 MP: 4/18
  7287 | D:5      | Found a glowing golden altar of the Shining One.
  7341 | D:5      | Found Uxtex's Assorted Antiques.
  7587 | D:5      | Reached skill level 7 in Fire Magic
  8087 | D:5      | Found a staircase to the Ecumenical Temple.
  8093 | D:5      | Got a jewelled trident
  8094 | D:5      | Identified the +9 trident "Jiociet" {pierce, Int+8 Dex+4}
                  | (You found it on level 5 of the Dungeon)
  8099 | Temple   | Entered the Ecumenical Temple
  8280 | Temple   | Became a worshipper of Vehumet
  8462 | D:6      | Noticed Dowan
  8465 | D:6      | Noticed Duvessa
  8468 | D:6      | Killed Dowan
  8483 | D:6      | Killed Duvessa
  8483 | D:6      | Reached skill level 1 in Armour
  8552 | D:6      | Noticed Eustachio
  8677 | D:6      | Killed Eustachio
  8857 | D:6      | Reached XP level 9. HP: 48/48 MP: 12/20
  8888 | D:6      | Found Beavuhia's Jewellery Shoppe.
  9070 | D:6      | Found a hide-covered altar of Uskayaw.
  9716 | D:7      | Reached * piety under Vehumet
  9716 | D:7      | Offered knowledge of Shock by Vehumet.
  9829 | D:6      | Learned a level 1 spell: Shock
  9996 | D:7      | You fall into a shaft and drop 2 floors!
 10019 | D:9      | Reached skill level 8 in Fire Magic
 10130 | D:9      | Reached skill level 5 in Dodging
 10156 | D:9      | Reached skill level 1 in Polearms
 10584 | D:7      | Reached skill level 9 in Fire Magic
 10889 | D:7      | Got a jewelled ring mail
 10893 | D:7      | Found a sparkling altar of Nemelex Xobeh.
 11150 | D:7      | Reached ** piety under Vehumet
 11150 | D:7      | Offered knowledge of Searing Ray by Vehumet.
 11154 | D:7      | Learned a level 2 spell: Searing Ray
 11203 | D:8      | Reached XP level 10. HP: 48/53 MP: 17/23
 11445 | D:8      | Found a sacrificial altar of Ru.
 11579 | D:8      | Paralysed by a hornet for 1 turns
 11581 | D:8      | Paralysed by a hornet for 2 turns
 11878 | D:8      | Found an iron altar of Okawaru.
 11902 | D:8      | Noticed a two-headed ogre
 11918 | D:8      | Killed a two-headed ogre
 11918 | D:8      | Reached skill level 1 in Evocations
 12131 | D:8      | Got an ichor-stained shortbow
 12132 | D:8      | Identified the +9 shortbow "Ahisie" {venom, MR+} (You found
                  | it on level 8 of the Dungeon)
 12478 | D:9      | Noticed a five-headed hydra
 12486 | D:9      | Killed a five-headed hydra
 12486 | D:9      | Reached skill level 5 in Bows
 12637 | D:9      | Offered knowledge of Stone Arrow by Vehumet.
 12651 | D:9      | Noticed a deep elf mage
 12655 | D:9      | Killed a deep elf mage
 12942 | D:9      | Learned a level 3 spell: Stone Arrow
 12998 | D:9      | Learned a level 3 spell: Regeneration
 12999 | D:9      | Identified the cursed +1 ring mail of the Dwarven Hall
                  | {Stlth+} (You found it on level 7 of the Dungeon)
 13030 | D:9      | Reached *** piety under Vehumet
 13098 | D:9      | You fall into a shaft and drop 3 floors!
 13125 | D:11     | Noticed a two-headed ogre
 13132 | D:11     | Reached skill level 10 in Fire Magic
 13146 | D:11     | Offered knowledge of Airstrike by Vehumet.
 13157 | D:11     | Noticed a manticore
 13158 | D:11     | Reached XP level 11. HP: 39/59 MP: 14/25
 13214 | D:11     | Killed a two-headed ogre
 13235 | D:11     | Noticed a five-headed hydra
 13243 | D:11     | Killed a five-headed hydra
 13470 | D:10     | Entered Level 10 of the Dungeon
 13764 | D:10     | Reached **** piety under Vehumet
 14070 | D:10     | Offered knowledge of Venom Bolt by Vehumet.
 14121 | D:10     | Noticed Gastronok
 14123 | D:10     | Noticed a flayed ghost
 14173 | D:10     | Noticed Erolcha
 14436 | D:9      | Found a shimmering altar of Xom.
 14576 | D:8      | Found a hazy altar of Hepliaklqana.
 14576 | D:8      | Found an ancient bone altar of Kikubaaqudgha.
 14579 | D:8      | Found a shimmering blue altar of Sif Muna.
 14634 | D:10     | Found Abe Hessur's General Store.
 14649 | D:10     | Found a staircase to the Lair.
 14655 | Lair:1   | Entered Level 1 of the Lair of Beasts
 14908 | Lair:1   | Found a transporter.
 14914 | Lair:1   | Found a transporter.
 14936 | Lair:1   | Reached skill level 5 in Armour
 14982 | Lair:1   | Noticed oldmanjim's ghost (journeyman FoFi)
 16229 | Lair:1   | Mangled by a spiny frog

Levels and vault maps discovered:
D:1:      dpeg_arrival_shrine, layout_basic, minmay_misc_feat_iff,
          hangedman_decor_growths
D:2:      layout_basic, serial_bayou_ford_a, minmay_misc_feat_cross,
          uniq_natasha, uniq_terence
D:3:      layout_basic, uniq_sigmund, uniq_crazy_yiuf_cottage
D:4:      minmay_spotlight, layout_loops_corners, serial_shops, shop
D:5:      layout_loops_ring, overflow_temple_1_default, old_standard_altar,
          minmay_temple_entry_fiery, serial_shops, shop, first_ration,
          uniq_pikel
D:6:      layout_loops_cross, lemuel_doored_altar, serial_shops, shop,
          hex_medium, uniq_duvessa, uniq_eustachio
D:7:      layout_basic, enter_ossuary_3, grunt_livestock,
          nemelex_xobeh_ov_fountains_minmay
D:8:      layout_cave_pods, nicolae_ru_great_annihilating_truth,
          okawaru_gym_becter, nicolae_overflow_hidden_temple,
          kennysheep_generic_room_15
D:9:      layout_cave_pools, old_standard_altar
D:10:     minmay_the_grid_plus_closed [minmay_the_grid_all_tris,
          minmay_the_grid_aliased_spiral, minmay_the_grid_plusring,
          minmay_the_grid_holed_spiral, minmay_the_grid_prize_diamond_cup],
          layout_rooms, lair_entry_dummy, serial_shops, shop_fountains,
          uniq_erolcha, uniq_gastronok
D:11:     layout_basic, gammafunk_ghost_split
D:12:     due_megacathedral, layout_rooms, orc_0_dummy,
          fedhas_altar_decomposition, uniq_rupert, uniq_maurice
Temple:   nicolae_temple_figure_eight
Lair:1:   layout_loops_ring, gammafunk_ghost_hive
Lair:2:   regret_index_tunnel_blossom, layout_regular_city,
          spider_nest_entry_web_field, grunt_megastairs_3, uniq_urug

Skill      XL: |  1  2  3  4  5  6  7  8  9 10 11 |
---------------+----------------------------------+-----
Fire Magic     | 4 5 6 7 9 10 | 10.5
Conjurations   | 2 3 4 5 6 7 8 9 |  9.5
Dodging        | 3 4 5 |  5.5
Spellcasting   | 4 5 6 7 8 9 |  9.2
Shields        | 1 2 |  2.5
Bows           | 2 3 6 7 |  7.4
Fighting       | 1 2 3 |  3.6
Armour         | 1 3 4 5 |  5.1
Polearms       | 1 |  1.2
Evocations     | 2 4 |  4.5
Short Blades   | |  0.2
Staves         | |  0.1
Stealth        | |  2.4

Action                   |  1- 3 |  4- 6 |  7- 9 | 10-12 || total
-------------------------+-------+-------+-------+-------++-------
Melee: Dagger            |    12 |     8 |       |       ||    20
       Quarterstaff      |       |    17 |     6 |       ||    23
       Trident           |       |       |    17 |    15 ||    32
 Fire: Shortbow          |       |    47 |   163 |   235 ||   445
 Cast: Flame Tongue      |    52 |   110 |   210 |    64 ||   436
       Throw Flame       |     2 |     3 |    41 |    10 ||    56
       Conjure Flame     |     1 |     2 |    10 |    21 ||    34
       Sticky Flame      |       |       |     2 |    25 ||    27
       Fireball          |       |       |     6 |    13 ||    19
       Searing Ray       |       |       |     1 |     3 ||     4
       Regeneration      |       |       |       |     1 ||     1
Evoke: Wand              |       |       |     6 |       ||     6
  Use: Potion            |       |     1 |       |     6 ||     7
       Scroll            |       |       |    11 |    11 ||    22
 Stab: Sleeping          |     2 |       |       |       ||     2
  Eat: Chunk             |     1 |     8 |    13 |    16 ||    38
       Ration            |       |     1 |     2 |     1 ||     4
Armor: Robe              |    11 |    10 |    14 |       ||    35
       Leather armour    |       |       |    42 |    43 ||    85
Dodge: Dodged            |    25 |    38 |   135 |    94 ||   292
Block: Buckler           |       |     4 |       |       ||     4
